NCommander, chaotic male elven Wizard --------------- |.............| |.............. |...<.........| # # ------------- |...........@dd########.*.........+| |.............| # |.....*.....| -----------.--- ##....-.---...| |...|.{ |...+ |..*|{.{|*..| ....|.{.|...- |...-----...| |.....*.....| |*.........`. ------------- NCommander the Conjurer Experience level: 5 Strength: 11 Dexterity: 8 Constitution: 16 Intelligence: 20 Wisdom: 10 Charisma: 7 Health: 0(46) Energy: 60(73) Def: 11 Gold: 659 Moves: 5035 Dungeon seed: v6bStAkekPkTCHVs Game ID: NCommander_1475376746 Your Inventory: Coins $ - 659 gold pieces Weapons k - a +0 elven dagger p - the rustproof +0 Magicbane (weapon in hand) J - a +0 dagger N - a blessed +0 dagger Armor e - an uncursed +0 cloak of magic resistance (being worn) n - an uncursed +0 dwarvish iron helm (being worn) q - an uncursed +0 banded mail (being worn) y - a blessed +0 pair of iron shoes (being worn) Comestibles t - an uncursed food ration v - an uncursed tin of spinach Scrolls h - an uncursed scroll of food detection i - an uncursed scroll of enchant armor j - an uncursed scroll of genocide o - an uncursed scroll of teleportation s - an uncursed scroll of fire u - an uncursed scroll of remove curse I - an uncursed scroll of destroy armor S - an uncursed scroll of create monster Potions f - 2 uncursed potions of levitation g - a blessed potion of gain ability Rings c - an uncursed ring of polymorph control d - a blessed +1 ring of adornment C - an uncursed ring of slow digestion Wands b - a wand of create monster (0:0) B - a wand of locking (0:6) H - a wand of enlightenment (0:13) Tools m - an uncursed wooden flute w - an uncursed skeleton key z - 6 uncursed wax candles (0:400) L - an uncursed blindfold Gems r - an uncursed worthless piece of violet glass Spells and supernatural/magical abilities: Name Level Category Fail Memory a - force bolt 1 attack 93% 75% O - create monster 2 clerical 100% 75% W - pray for help -- divine ? -- Your skills at the end: Fighting Skills Weapon Skills dagger [Skilled] quarterstaff [Basic] Spellcasting Skills attack spells [Basic] enchantment spells [Basic] Final Attributes: You were piously aligned. You were sleep resistant. You were magic-protected. You were telepathic. You had infravision. You were unlucky. Anhur was angry with you. You are dead. Vanquished creatures: a human zombie 5 Uruk-hai a rock piercer 2 rock moles a fog cloud a yellow light a shrieker a gnome lord a gnomish wizard 3 gray oozes a straw golem a giant ant a little dog 2 floating eyes a kitten 3 dwarves 3 kobold lords 3 hill orcs a monkey 2 orc zombies 2 dwarf zombies an iguana 2 acid blobs 3 hobbits 2 large kobolds 2 hobgoblins a giant rat 3 cave spiders 2 yellow molds 2 gnomes 3 garter snakes a gnome zombie a gecko 2 jackals 3 foxes 4 kobolds 3 goblins a sewer rat 2 grid bugs 2 lichens 2 kobold zombies 4 newts 83 creatures vanquished. Voluntary challenges: You used a wielded weapon 172 times, starting on turn 91. You read items or engraved 61 times, starting on turn 1190. You never genocided any monsters. You never polymorphed an object. You never changed form. You used no wishes. You never split a pudding. You wrote Elbereth's name 51 times, starting on turn 1191. You never violated your personal moral code. Dungeon overview: The Dungeons of Doom: levels 1 to 6 Level 1 a fountain a long staircase Level 2 Level 3 a potion shop stairs to The Gnomish Mines Level 4 an altar to Anhur, a fountain Level 5 a fountain Level 6 <- You were here many fountains The Gnomish Mines: Level 4 stairs to The Dungeons of Doom History has recorded: On T:1 you entered the Dungeons of Doom to retrieve the Amulet of Yendor! On T:433 you reached level 2 of The Dungeons of Doom. On T:473 you advanced to experience level 2. On T:684 you reached level 3 of The Dungeons of Doom. On T:832 you reached level 4 of The Dungeons of Doom. On T:998 you advanced to experience level 3. On T:1154 you reached level 1 of The Gnomish Mines. On T:1202 you advanced to experience level 4. On T:1817 you advanced to experience level 5. On T:2120 you reached level 5 of The Dungeons of Doom. On T:2123 you reached level 6 of The Dungeons of Doom. On T:2914 you advanced to experience level 6. On T:4801 you received Magicbane from Anhur. Score breakdown: Gold: 659 ( 9591 points) Experience: 5 levels (11141 points) Exploration: 6 levels ( 12.50%) ( 9784 points) Discoveries: 6 items ( 2.17%) ( 4415 points) Valuables value: (no points given unless you survive) Artifact value: 3500 (12056 points) Variety of kills: 42 monsters ( 11.02%) ( 9960 points) Turncount: 5035 turns (-1364 points) Survival: died (score multiplied by 80%) Total score: 44466 Latest messages: The little dog bites! The little dog misses. The little dog just misses! The little dog misses. (2x) The little dog bites! (2x) The door resists! The little dog misses. The door resists! The little dog misses. The little dog just misses! The little dog bites! The door opens. The little dog bites! (5x) You begin praying to Anhur. The little dog bites! (4x) The voice of Anhur booms out: "Thou art arrogant, mortal." "Thou must relearn thy lessons!" You feel foolish! Goodbye level 6. Yecch! This stuff tastes like poison. Your muscles won't obey you. You die... Final status: Goodbye NCommander the Wizard, killed by contaminated potion... You died in The Dungeons of Doom on dungeon level 6 with 44466 points, and 659 pieces of gold, after 5035 moves. You were level 5 with a maximum of 46 hit points when you died.